 Dungeon Crawl Stone Soup version 0.27-a0-988-g25969acef8 (webtiles) character file.

Game seed: 14904201018877460276

123 spiderkeys the Poker (level 5, -5/36 HPs)
             Began as an Octopode Abyssal Knight on Apr 16, 2021.
             Was a Believer of Lugonu.
             Slain by Sigmund
             ... wielding a +0 scythe of venom
              (8 damage)
             ... on level 2 of the Dungeon.
             The game lasted 00:04:57 (2767 turns).

spiderkeys the Poker (Octopode Abyssal Knight)      Turns: 2767, Time: 00:04:57

Health: -5/36      AC:  1    Str: 13    XL:     5   Next: 7%
Magic:  7/7        EV: 13    Int: 14    God:    Lugonu [**....]
Gold:   61         SH:  4    Dex: 11    Spells: 4/4 levels left

rFire    + . .     SeeInvis .   a - +1 spear
rCold    . . .     Faith    .   b - +0 buckler of Impatience {-Tele rElec rPois rF+}
rNeg     . . .     Spirit   .   (helmet restricted)
rPois    +         Reflect  .   (no amulet)
rElec    +         Harm     .   (no ring)
rCorr    .         Rampage  .   (no ring)
Will     .....     NoTele   +   (no ring)
Stlth    ++........             (no ring)
HPRegen  0.12/turn              (no ring)
MPRegen  0.10/turn              (no ring)
                                (no ring)
                                (no ring)

@: lethally poisoned (-5 -> -10)
A: almost no armour, amphibious, 8 rings, camouflage 1, gelatinous body 1,
(nimble swimmer 1), tentacles
a: Renounce Religion, Depart the Abyss, Bend Space


You were on level 2 of the Dungeon.
You worshipped Lugonu.
Lugonu was pleased with you.
You visited 1 branch of the dungeon, and saw 2 of its levels.
You visited the Abyss 1 time.

You collected 61 gold pieces.

Inventory:

Hand Weapons
 a - a +1 spear (weapon)
Missiles
 h - 7 curare-tipped darts
Armour
 b - the +0 buckler of Impatience (worn) {-Tele rElec rPois rF+}
   (You acquired it on level 1 of the Abyss)

   It protects you from fire.
   It insulates you from electricity.
   It protects you from poison.
   It prevents most forms of teleportation.
Scrolls
 e - a scroll of fog {unknown}


   Skills:
 - Level 3.0 Fighting
 * Level 3.4 Polearms
 + Level 3.1 Dodging
 + Level 1.8 Shields
 + Level 3.0 Invocations


You had 4 spell levels left.
You didn't know any spells.
Your spell library contained the following spells:

 Spells                   Type           Power      Damage    Failure   Level
 Magic Dart               Conj           0%         1d3       36%         1
 Searing Ray              Conj           0%         3d3       50%         2
 Dazzling Flash           Conj/Hex       0%         N/A       75%         3
 Fulminant Prism          Conj/Hex       0%         3d6       98%         4
 Iskenderun's Mystic Bla  Conj/Tloc      0%         2d3       98%         4


Dungeon Overview and Level Annotations

Branches:
Dungeon (2/15)

Altars:

Annotations:
D:2 Sigmund


Innate Abilities, Weirdness & Mutations

You cannot wear most types of armour.
You are amphibious.
You can wear up to eight rings at the same time.
Your skin changes colour to match your surroundings (Stealth+).
Your rubbery body absorbs attacks. (AC +1, EV +1)
((You are camouflaged near water. (Stealth+)))
You have tentacles for arms and can constrict up to eight enemies at once.


Message History

You reach to attack!
You hit Sigmund.
Sigmund is heavily wounded.
You feel very sick.
You reach to attack!
You closely miss Sigmund.
Sigmund is heavily wounded.
You feel sick.
Sigmund hits you from afar with a +0 scythe of venom.
You are lethally poisoned!
You are too injured to fight recklessly!
It was a potion of might.
You feel very mighty all of a sudden.
You feel very sick. You block Sigmund's attack.
It was a potion of flight.
You feel very buoyant.
You fly up into the air.
* * * LOW HITPOINT WARNING * * *
You feel very sick. Sigmund barely misses you.
It was a potion of cancellation.
Your magical effects are unravelling.
You feel magically purged.
You float gracefully downwards.
You feel a little less mighty now.
* * * LOW HITPOINT WARNING * * *
You feel very sick.
Reach: a) +1 spear
Press: ? - help, Dir - move target, f/p - Sigmund
Aim: Sigmund, wielding a +0 scythe of venom and wearing a +0 robe (severely wounded, poisoned, slow, about 42% to evade your +1 spear)
You reach to attack!
You hit Sigmund.
Sigmund is severely wounded.
* * * LOW HITPOINT WARNING * * *
You feel sick.
Sigmund points at himself and mumbles some strange words.
Sigmund flickers and vanishes!
Deactivating autopickup; reactivate with Ctrl-A.
As you read the scroll labelled LISUDU ZUTUGAY, it crumbles to dust.
You feel aware of your surroundings.
It was a scroll of magic mapping.
* * * LOW HITPOINT WARNING * * *
You feel sick. Something hits you!
You die...

*#†##.####..........#..........
##......##.....................
##...............###............
##......<.####...## #...........#
#..#......###....####...........#
................................#
..........###.######............#
#.#.#.........##.................
..#....#....###.@#####.........#.
#.............{.....#............
##....#......(......#........(.#.
#..##...............#..........#.
..#,..####....................†..
....##* #..........#..........#.
.,##* #..........##....)...##.
,,* #..........###......#### ***
******###*** ########


There were no monsters in sight!

Vanquished Creatures
  Jessica (D:2)
  Terence (D:2)
  2 adders (D:2)
  A worm (D:2)
  2 dart slugs (D:1)
  4 ball pythons
  2 endoplasms
  2 giant cockroaches
  5 goblins (D:1)
  2 hobgoblins (D:1)
  6 jackals
  7 kobolds
  2 quokkas
  6 bats
  3 frilled lizards (D:1)
  5 rats
51 creatures vanquished.

Notes
Turn   | Place    | Note
-------+----------+-------------------------------------------
     0 | Abyss:1  | spiderkeys the Octopode Abyssal Knight began the quest for
                  | the Orb.
     0 | Abyss:1  | Reached XP level 1. HP: 16/16 MP: 2/2
     4 | Abyss:1  | Found a corrupted altar of Lugonu.
    79 | Abyss:1  | Noticed a smoke demon
    88 | Abyss:1  | Found a corrupted altar of Lugonu.
   104 | Abyss:1  | Found a corrupted altar of Lugonu.
   117 | Abyss:1  | Identified a scroll of acquirement
   117 | Abyss:1  | Acquired the +0 buckler of Impatience {-Tele rElec rPois
                  | rF+}
   129 | Abyss:1  | Noticed a smoke demon
   130 | D:1      | Escaped the Abyss
   457 | D:1      | Reached XP level 2. HP: 15/21 MP: 3/3
   787 | D:1      | Found a faded altar of an unknown god.
   793 | D:1      | Reached * piety under Lugonu
   828 | D:1      | Reached XP level 3. HP: 25/26 MP: 4/4
   906 | D:1      | Reached skill level 1 in Shields
  1414 | D:2      | Noticed Terence
  1935 | D:2      | Killed Terence
  1936 | D:2      | Reached XP level 4. HP: 30/31 MP: 4/6
  2031 | D:2      | Noticed Sigmund
  2136 | D:2      | Noticed Jessica
  2146 | D:2      | Killed Jessica
  2147 | D:2      | Reached XP level 5. HP: 21/36 MP: 7/7
  2148 | D:2      | Reached ** piety under Lugonu
  2767 | D:2      | Slain by Sigmund

Illustrated notes

Levels and vault maps discovered:
D:1:      psy_arrival_terrarium, layout_basic,
          hellmonk_ecumenical_altar_heavens_door, minmay_tripent
D:2:      layout_rooms, uniq_terence, uniq_sigmund, uniq_jessica

Skill      XL: |  1  2  3  4 |
---------------+-------------+-----
Shields        | 1 |  1.8
Polearms       | 3 |  3.4
Dodging        | 3 |  3.1
Invocations    | 3 |  3.0
Fighting       | |  3.0

Action                   |  1- 3 |  4- 6 || total
-------------------------+-------+-------++-------
Melee: Spear             |   100 |    36 ||   136
       Constrict         |    24 |     7 ||    31
       Tentacles         |    16 |     4 ||    20
Throw: Dart              |       |     1 ||     1
Invok: Depart the Abyss  |     1 |       ||     1
  Use: Scroll            |     1 |     1 ||     2
       Potion            |       |     3 ||     3
 Stab: Sleeping          |     5 |     2 ||     7
Armor: Skin              |    10 |     3 ||    13
Dodge: Dodged            |    42 |    11 ||    53
Block: Buckler           |    11 |     3 ||    14

Table legend: (Time is in decaauts)
 A = Elapsed time spent in this place.
 B = Non-inter-level travel time spent in this place.
 C = Inter-level travel time spent in this place.
 D = Time resting spent in this place.
 E = Time spent auto-exploring this place.
 F = Levels seen in this place.
 G = Mean time per level.
                   A        B        C        D        E       F      G
               +--------+--------+--------+--------+--------+-----+--------+
         Total |   2772 |   2661 |    111 |    973 |   1221 |   3 |  924.0 |
       Dungeon |   2642 |   2531 |    111 |    973 |   1220 |   2 | 1321.0 |
         Abyss |    130 |    130 |      0 |      0 |      1 |   1 |  130.0 |
               +--------+--------+--------+--------+--------+-----+--------+

Top non-repeatable levels by time:
     D:1: 1979 daAuts
     D:2: 662 daAuts
 Abyss:1: 130 daAuts
